 Dungeon Crawl Stone Soup version 0.29-a0-304-gb34f9e133a (webtiles) character file.

Game seed: 15303891532851265176

376213 Ajdolov the Slayer (level 23, -12/170 HPs)
             Began as a Kobold Brigand on Mar 26, 2022.
             Was a High Priest of Wu Jian.
             Mangled by a war gargoyle
             ... wielding a +0 great mace
              (22 damage)
             ... on level 5 of the Vaults.
             The game lasted 02:25:03 (66380 turns).

Ajdolov the Slayer (Kobold Brigand)                Turns: 66380, Time: 02:25:04

Health: -12/170    AC: 26    Str: 14    XL:     23   Next: 85%
Magic:  0/23       EV: 42    Int: 14    God:    Wu Jian [*****.]
Gold:   2770       SH:  0    Dex: 25    Spells: 22/22 levels left

rFire   + . .      SeeInvis .   a - +8 quick blade (elec)
rCold   . . .      Faith    .   C - +2 buckler {AC+3}
rNeg    . . .      Spirit   +   G - +0 ring mail of the Pit {rPois rF+ rCorr Str+2}
rPois   +          Reflect  .   F - +2 helmet
rElec   .          Harm     .   V - +2 cloak
rCorr   +          Rampage  .   f - +2 pair of gloves {Str+3}
Will    +++..                   h - +2 pair of boots
Stlth   ++........              q - amulet of guardian spirit
HPRegen 0.38/turn               p - ring of willpower
MPRegen 0.18/turn               s - ring of willpower

@: confused, ambrosia-drunk, in a heavenly storm, glowing, studying Armour
A: small, no large weapons, nightstalker 3
}: 2/15 runes: decaying, gossamer
a: Renounce Religion, Wall Jump, Serpent's Lash, Heavenly Storm


You were on level 5 of the Vaults.
You worshipped Wu Jian.
Wu Jian was extremely pleased with you.
You visited 8 branches of the dungeon, and saw 41 of its levels.
You also visited: Ice Cave.

You collected 4589 gold pieces.
You spent 1819 gold pieces at shops.

Inventory:

Hand Weapons
 a - a +8 quick blade of electrocution (weapon)
 X - a +3 arbalest
Missiles
 d - 46 poisoned darts (quivered)
 t - 2 curare-tipped darts
 Y - a throwing net
Armour
 f - a +2 pair of gloves of strength (worn)
 h - a +2 pair of boots (worn)
 C - a +2 buckler of protection (worn)
 F - a +2 helmet (worn)
 G - the +0 ring mail of the Pit (worn) {rPois rF+ rCorr Str+2}
   (You bought it in a shop on level 2 of the Orcish Mines)

   Str:       It affects your strength (+2).
   rF:        It protects you from fire.
   rPois:     It protects you from poison.
   rCorr:     It protects you from acid and corrosion.
 V - a +2 cloak (worn)
Jewellery
 p - a ring of willpower (left hand)
 q - an amulet of guardian spirit (around neck)
 s - a ring of willpower (right hand)
 K - a ring of flight
Wands
 e - a wand of charming (10)
 k - a wand of flame (46)
 y - a wand of acid (2)
 A - a wand of digging (17)
 D - a wand of mindburst (13)
 H - a wand of polymorph (13)
 J - a wand of paralysis (16)
 T - a wand of iceblast (16)
Scrolls
 c - 3 scrolls of summoning
 i - 3 scrolls of fog
 j - 9 scrolls of vulnerability
 n - 6 scrolls of blinking
 u - 6 scrolls of immolation
 z - 5 scrolls of teleportation
 E - 4 scrolls of magic mapping
 I - 7 scrolls of amnesia
 L - 7 scrolls of fear
 M - a scroll of holy word
 N - 2 scrolls of torment
 S - a scroll of silence
Potions
 b - 3 potions of ambrosia
 g - 6 potions of might
 l - 4 potions of resistance
 m - 11 potions of curing
 o - 5 potions of flight
 v - 2 potions of brilliance
 w - 3 potions of magic
 x - 5 potions of haste
 B - 2 potions of attraction
 Q - a potion of cancellation
 R - 2 potions of berserk rage
 Z - a potion of lignification
Miscellaneous
 r - a box of beasts
 O - a condenser vane
 U - a phantom mirror


   Skills:
 - Level 25.4 Fighting
 - Level 8.0 Short Blades
 - Level 2.1 Throwing
 - Level 15.0 Armour
 - Level 20.0 Dodging
 * Level 21.5 Stealth
 - Level 15.0 Shields
 * Level 16.5 Evocations


You had 22 spell levels left.
You didn't know any spells.
Your spell library contained the following spells:

 Spells                   Type           Power      Damage    Failure   Level
 Animate Skeleton         Necr           0%         N/A       50%         1
 Apportation              Tloc           0%         N/A       50%         1
 Foxfire                  Conj/Fire      0%         2x1d4     50%         1
 Magic Dart               Conj           0%         1d3       50%         1
 Pain                     Necr           0%         1d4       50%         1
 Shock                    Conj/Air       0%         1d3       50%         1
 Slow                     Hex            0%         N/A       50%         1
 Summon Small Mammal      Summ           0%         N/A       50%         1
 Blink                    Tloc           0%         N/A       65%         2
 Call Imp                 Summ           0%         N/A       65%         2
 Corpse Rot               Necr/Air       0%         N/A       65%         2
 Poisonous Vapours        Pois/Air       0%         N/A       65%         2
 Searing Ray              Conj           0%         2d4       65%         2
 Static Discharge         Conj/Air       0%         N/A       65%         2
 Call Canine Familiar     Summ           0%         N/A       86%         3
 Confusing Touch          Hex            0%         N/A       86%         3
 Conjure Flame            Conj/Fire      0%         6-21      86%         3
 Gell's Gravitas          Tloc           0%         N/A       86%         3
 Ignite Poison            Fire/Tmut/Pois 0%         N/A       86%         3
 Inner Flame              Hex/Fire       0%         N/A       86%         3
 Lesser Beckoning         Tloc           0%         N/A       86%         3
 Mephitic Cloud           Conj/Pois/Air  0%         N/A       86%         3
 Portal Projectile        Hex/Tloc       0%         N/A       86%         3
 Summon Guardian Golem    Hex/Summ       0%         N/A       86%         3
 Swiftness                Air            0%         N/A       86%         3
 Vampiric Draining        Necr           0%         2d6       86%         3
 Airstrike                Air            0%         N/A       99%         4
 Animate Dead             Necr           0%         N/A       99%         4
 Dispel Undead            Necr           0%         3d6       99%         4
 Flame Wave               Conj/Fire      0%         2d4       99%         4
 Fulminant Prism          Conj/Hex       0%         3d6       99%         4
 Iskenderun's Mystic Bla  Conj/Tloc      0%         2d3       99%         4
 Leda's Liquefaction      Hex/Erth       0%         N/A       99%         4
 Passage of Golubria      Tloc           0%         N/A       99%         4
 Petrify                  Tmut/Erth      0%         N/A       99%         4
 Sticky Flame             Conj/Fire      0%         2d3       99%         4
 Alistair's Intoxication  Tmut/Pois      0%         N/A       100%        5
 Blade Hands              Tmut           0%         N/A       100%        5
 Borgnjor's Vile Clutch   Necr/Erth      0%         N/A       100%        5
 Excruciating Wounds      Necr           0%         N/A       100%        5
 Fireball                 Conj/Fire      0%         3d3       100%        5
 Iskenderun's Battlesphe  Conj           0%         2d6       100%        5
 Lee's Rapid Deconstruct  Erth           0%         3d5*      100%        5
 Manifold Assault         Tloc           0%         N/A       100%        5
 Metabolic Englaciation   Hex/Ice        0%         N/A       100%        5
 Summon Forest            Summ/Tloc      0%         N/A       100%        5
 Conjure Ball Lightning   Conj/Air       0%         3x3d6     100%        6
 Death Channel            Necr           0%         N/A       100%        6
 Dispersal                Tloc           0%         N/A       100%        6
 Eringya's Noxious Bog    Tmut/Pois      0%         N/A       100%        6
 Statue Form              Tmut/Erth      0%         N/A       100%        6
 Haunt                    Necr/Summ      0%         N/A       100%        7
 Malign Gateway           Summ/Tloc      0%         N/A       100%        7
 Orb of Destruction       Conj           0%         9d5       100%        7
 Summon Hydra             Summ           0%         N/A       100%        7
 Disjunction              Tloc           0%         N/A       100%        8
 Infestation              Necr           0%         N/A       100%        8
 Summon Horrible Things   Summ           0%         N/A       100%        8


Dungeon Overview and Level Annotations

Branches:
Dungeon (15/15)            Temple (1/1) D:5            Lair (6/6) D:10
  Swamp (4/4) Lair:3       Spider (4/4) Lair:2        Slime (0/5) Lair:5
    Orc (2/2) D:9             Elf (0/3) Orc:2        Vaults (5/5) D:13
  Crypt (0/3) Vaults:2     Depths (4/4) D:15            Zot (0/5) Depths:4
  IceCv (visited)

Altars:
Ashenzari
Cheibriados
Dithmenos
Elyvilon
Fedhas
Gozag
Hepliaklqana
Kikubaaqudgha
Makhleb
Nemelex Xobeh
Okawaru
Qazlal
Ru
Sif Muna
Trog
Uskayaw
Vehumet
Wu Jian
Xom
Yredelemnul
Zin
The Shining One
Ignis
Jiyva

Shops:
Orc:2 *:***   Depths:1 =

Portals:
Hell: Depths:1 Depths:2 Depths:3 Depths:4
Abyss: Depths:1 Depths:2 Depths:3
Pandemonium: Depths:2 Depths:3
Ziggurat: Depths:4

Annotations:
D:4 Menkaure
D:7 1 runed translucent door, Crazy Yiuf
D:14 Roxanne
Lair:4 1 runed translucent door
Lair:5 1 runed translucent door, Protee's ghost, journeyman NaIE
Depths:3 2 transporters
Depths:4 exclusions: eye of devastation, great orb of eyes and 2 more exclusions


Innate Abilities, Weirdness & Mutations

You are small and have problems with some larger weapons.
You are completely attuned to the shadows.


Message History

You spin and attack the deep elf archer repeatedly.
You hit the deep elf archer.
The deep elf archer is heavily wounded.
You puncture the deep elf archer!
The deep elf archer is severely wounded.
You puncture the deep elf archer!
You kill the deep elf archer!
The Council accepts your kill.
You hear a shout!
The quicksilver ooze changes into a fire dragon!
The war gargoyle hits you with a +0 great mace!
* * * LOW HITPOINT WARNING * * *
You hear a horrible gurgling sound!
Okay, then.
Okay, then.
Okay, then.
Blink to where?
Press: ? - help, Dir - move target
Okay, then.
You are confused.
You feel invigorated. The war gargoyle closely misses you.
The jorogumo completely misses you. The war gargoyle completely misses you.
The vault warden hits you with a +0 great sword!
* * * LOW HITPOINT WARNING * * *
The vault guard hits you but does no damage.
The jorogumo misses you.
The vault warden attacks as you move away!
The vault warden barely misses you.
You feel less exhausted.
The jorogumo changes into a wolf spider!
The war gargoyle misses you. The vault guard completely misses you.
Items here: )) [ †.
You're too confused to move!
You hear a deafening roar! x2
The war gargoyle completely misses you.
The wolf spider completely misses you. x2
The vault warden closely misses you.
The vault guard hits you from afar with a +0 bardiche!
* * * LOW HITPOINT WARNING * * *
The war gargoyle hits you with a +0 great mace!!
You die...

.....#
#..[.#
#....#
#..).#
#☼☼☼§#
#☼§§☼#
#§§p§#
#Ds9§#
#§p@§#
#§§§§#
#§§§§#
#§§§§#
#....#
#....#
#....#
#....#
#.C..#


You could see a fire dragon shaped shifter, a vault warden, a vault guard, a
wolf spider shaped shifter and a war gargoyle.

Vanquished Creatures
  A juggernaut (Depths:1)
  A caustic shrike (Depths:1)
  Bai Suzhen (Depths:1)
  Arachne (Spider:4)
  A tentacled monstrosity (Vaults:5)
  Rupert (D:13)
  2 liches
  Jorgrun (D:14)
  A walking earthen tome (Depths:3)
  A walking divine tome (Depths:3)
  Frances (Swamp:1)
  4 sphinxes
  2 shadow dragons
  7 tengu reavers
  2 fenstrider witches
  3 thorn hunters
  A draconian monk (Depths:4)
  8 fire giants
  6 frost giants
  3 iron dragons
  2 emperor scorpions
  2 balrugs
  7 ghost moths (Spider:4)
  2 deep elf sorcerers
  An orc warlord (Vaults:3)
  7 vault wardens
  Louise (Swamp:1)
  19 very ugly things
  12 stone giants
  10 ironbound preservers
  7 ironbound thunderhulks
  A war gargoyle (Vaults:2)
  A broodmother (Spider:2)
  A juggernaut skeleton (Depths:1)
  A reaper (IceCv)
  A spriggan defender (Depths:2)
  7 eleionomae
  A deep elf demonologist (Vaults:5)
  A black draconian (Depths:4)
  4 entropy weavers
  2 bunyips
  2 deep elf annihilators (Vaults:4)
  A yellow draconian (Depths:4)
  14 dire elephants
  A minotaur (shapeshifter) (Depths:4)
  2 lorocyprocas (Depths:2)
  2 white draconians (Depths:4)
  8 spark wasps
  6 ettins
  A crystal guardian (Vaults:2)
  A deep elf death mage (Vaults:5)
  Josephine (Orc:2)
  6 fire dragons
  7 yaktaur captains
  A deep elf high priest (Vaults:5)
  Fannar (D:12)
  2 rakshasas
  6 great orbs of eyes
  2 ghost crabs (Swamp:1)
  9 boulder beetles
  7 spriggan air magi
  A peacekeeper (Vaults:2)
  2 ogre magi
  11 ice dragons
  7 jorogumos
  27 hydras
  14 vault guards
  8 two-headed ogres
  6 ironbound frosthearts
  An anaconda (shapeshifter) (Vaults:3)
  11 alligators
  16 centaur warriors
  5 orc high priests (Orc:2)
  A vampire mage (Vaults:2)
  5 deep troll earth magi
  9 death yaks
  A hell hog (Depths:4)
  2 deep troll shamans
  4 tengu warriors
  6 sun demons
  Nergalle (D:10)
  4 hell knights (Depths:1)
  2 soul eaters
  2 iron trolls (Depths:4)
  7 spriggan berserkers
  A shadow wraith (Vaults:5)
  A titan skeleton (Depths:1)
  7 pharaoh ants
  16 spriggans
  A sun moth (Spider:1)
  A salamander mystic (Depths:4)
  4 skeletal warriors
  4 steelbarb worms
  4 goliath frogs
  4 spriggan druids
  2 flayed ghosts (Depths:2)
  15 swamp dragons
  17 orb spiders
  36 deep trolls
  5 bog bodies
  2 phantasmal warriors
  A deep elf pyromancer (Vaults:5)
  7 wizards
  17 ironbound convokers
  3 necromancers
  6 lindwurms
  A deep elf archer (Vaults:5)
  An orc sorcerer (Orc:1)
  9 harpies
  6 cyclopes
  35 ugly things
  An oklob plant (Lair:5)
  7 orc knights
  2 will-o-the-wisps
  5 manticores
  4 moths of wrath
  33 wolf spiders
  3 salamanders
  A stone giant skeleton (Vaults:3)
  8 elephants
  20 vault sentinels
  6 ice statues
  A gargoyle (D:10)
  A rust devil (Depths:3)
  4 black mambas
  A naga mage (D:15)
  Joseph (D:10)
  An orange demon (Depths:3)
  10 cane toads
  7 torpor snails
  Psyche (D:10)
  3 kobold demonologists
  4 rime drakes
  2 human zombies
  8 demonic crawlers
  2 efreet
  2 unseen horrors
  2 anaconda simulacra (IceCv)
  3 freezing wraiths
  29 yaktaurs
  5 komodo dragons
  10 ice devils
  A red devil (Depths:3)
  5 tengu conjurers
  A tarantella (shapeshifter) (Vaults:5)
  A troll (Orc:2)
  A bloated husk (Swamp:1)
  8 tyrant leeches
  A meliai (shapeshifter) (D:10)
  6 meliai
  10 polar bears
  26 tarantellas
  7 hornets
  7 blink frogs
  34 slime creatures
  23 jumping spiders
  18 culicivoras
  3 vampires (Vaults:2)
  6 water elementals
  4 basilisks
  7 wraiths
  2 wyverns
  3 shadows
  An elf simulacrum (Vaults:3)
  Eustachio (D:3)
  50 yaks
  A golden eye (shapeshifter) (D:14)
  12 vampire mosquitoes
  2 death yak simulacra (IceCv)
  37 redbacks
  3 steam dragons
  18 swamp worms
  3 wargs
  A harpy simulacrum (IceCv)
  A floating eye (shapeshifter) (D:14)
  18 water moccasins
  2 sky beasts
  A floating eye (Depths:2)
  4 black bears
  13 swamp drakes
  16 ice beasts
  26 orc warriors
  4 ogres
  An ettin simulacrum (Vaults:3)
  27 wolves
  16 boggarts
  7 centaurs
  A phantom (D:6)
  4 kobold brigands
  20 bullfrogs
  Blork the orc (D:4)
  3 necrophages
  3 two-headed ogre simulacra
  3 scorpions
  A gnoll sergeant (D:13)
  A glowing shapeshifter simulacrum (Vaults:2)
  A cane toad simulacrum (IceCv)
  9 wights
  8 killer bees
  6 howler monkeys
  2 electric eels (Lair:2)
  4 crimson imps (D:7)
  A jelly (D:3)
  32 orc priests
  6 hounds
  2 iguanas (D:7)
  Terence (D:2)
  2 hell rats (D:10)
  14 orc wizards
  4 polar bear simulacra
  2 spriggan simulacra
  6 troll simulacra
  4 adders
  6 gnolls
  A naga simulacrum (IceCv)
  A shadow imp (D:4)
  2 white imps
  4 ufetubi
  A dart slug (D:1)
  68 orcs
  7 endoplasms
  3 giant cockroaches (D:1)
  11 goblins
  6 hobgoblins
  9 jackals
  8 quokkas
  3 ball pythons
  6 bats
  2 frilled lizards
  25 kobolds
  10 rats
  A bush (Lair:5)
  A butterfly (Lair:3)
1519 creatures vanquished.

Vanquished Creatures (others)
  A rakshasa (Depths:1)
  An orc priest (D:7)
  2 orcs (D:7)
  4 briar patches (Swamp:4)
  47 fungi
  53 plants
108 creatures vanquished.

Grand Total: 1627 creatures vanquished

Notes
Turn   | Place    | Note
-------+----------+-------------------------------------------
     0 | D:1      | Ajdolov the Kobold Brigand began the quest for the Orb.
     0 | D:1      | Reached XP level 1. HP: 12/12 MP: 1/1
   134 | D:1      | Reached XP level 2. HP: 17/17 MP: 2/2
   480 | D:1      | Reached XP level 3. HP: 21/21 MP: 3/3
  1095 | D:2      | Reached XP level 4. HP: 4/26 MP: 4/4
  1514 | D:2      | Noticed Terence
  1532 | D:2      | Killed Terence
  2127 | D:3      | Reached XP level 5. HP: 28/30 MP: 5/5
  2855 | D:3      | Reached XP level 6. HP: 18/35 MP: 6/6
  3058 | D:4      | Noticed Eustachio
  3571 | D:3      | Killed Eustachio
  3572 | D:3      | Reached skill level 5 in Short Blades
  3891 | D:4      | Noticed Menkaure
  3943 | D:4      | Reached XP level 7. HP: 40/40 MP: 7/7
  3949 | D:4      | Noticed Blork the orc
  4122 | D:4      | Killed Blork the orc
  4123 | D:4      | Reached skill level 10 in Stealth
  4704 | D:4      | Noticed a wyvern
  4713 | D:4      | Killed a wyvern
  4714 | D:4      | Reached XP level 8. HP: 29/44 MP: 8/8
  5061 | D:4      | Identified a scroll of acquirement
  5063 | D:4      | Acquired a +5 quick blade
  5071 | D:5      | Entered Level 5 of the Dungeon
  5317 | D:5      | Found a staircase to the Ecumenical Temple.
  5323 | Temple   | Entered the Ecumenical Temple
  5567 | D:5      | Reached XP level 9. HP: 48/48 MP: 9/9
  7112 | D:7      | Reached skill level 3 in Fighting
  7112 | D:7      | Reached skill level 15 in Stealth
  7144 | D:7      | Found a shimmering altar of Xom.
  7239 | D:7      | Noticed a two-headed ogre
  7360 | D:7      | Found a radiant altar of Vehumet.
  7523 | D:7      | Killed a two-headed ogre
  7524 | D:7      | Reached skill level 4 in Fighting
  7524 | D:7      | Reached XP level 10. HP: 58/58 MP: 10/10
  7600 | D:7      | Found a sparkling altar of Nemelex Xobeh.
  7603 | D:7      | Found an ornate altar of the Wu Jian Council.
  7608 | D:7      | Became a worshipper of the Wu Jian Council
  7612 | D:7      | Found a hide-covered altar of Uskayaw.
  7612 | D:7      | Found a hazy altar of Hepliaklqana.
  7613 | D:7      | Found a blossoming altar of Fedhas.
  7782 | D:7      | Reached skill level 5 in Fighting
  8009 | D:7      | Found a runed translucent door.
  8012 | D:7      | Noticed Crazy Yiuf
  8708 | D:8      | Found a shadowy altar of Dithmenos.
  9004 | D:8      | Reached skill level 6 in Fighting
  9176 | D:8      | Reached * piety under Wu Jian
  9234 | D:8      | Noticed a two-headed ogre
  9555 | D:8      | Killed a two-headed ogre
  9632 | D:8      | Reached skill level 10 in Dodging
  9816 | D:8      | Reached XP level 11. HP: 66/66 MP: 11/11
  9973 | D:9      | Reached skill level 7 in Fighting
 10107 | D:9      | Found a staircase to the Orcish Mines.
 10543 | D:9      | Reached ** piety under Wu Jian
 11111 | D:9      | Reached skill level 8 in Fighting
 11227 | D:10     | Entered Level 10 of the Dungeon
 11354 | D:10     | Noticed Psyche
 11358 | D:10     | Killed Psyche
 11370 | D:10     | Found a burning altar of Makhleb.
 11421 | D:10     | Noticed a death yak
 11442 | D:10     | Noticed a death yak
 11532 | D:10     | Found a staircase to the Lair.
 11533 | D:10     | Noticed a death yak
 11580 | D:10     | Found an ancient bone altar of Kikubaaqudgha.
 11658 | D:10     | Noticed Joseph
 11661 | D:10     | Killed Joseph
 12134 | D:10     | Noticed Nergalle
 12172 | D:10     | Killed Nergalle
 12401 | D:11     | Noticed a two-headed ogre
 12405 | D:11     | Killed a two-headed ogre
 12406 | D:11     | Reached skill level 9 in Fighting
 12427 | D:11     | Noticed a six-headed hydra
 12430 | D:11     | Killed a six-headed hydra
 12431 | D:11     | Reached XP level 12. HP: 76/76 MP: 12/12
 13537 | Lair:1   | Entered Level 1 of the Lair of Beasts
 14300 | Lair:1   | You fall into a shaft and drop 1 floor!
 14405 | Lair:2   | Reached skill level 10 in Fighting
 14615 | Lair:2   | Reached skill level 15 in Dodging
 15145 | Lair:2   | Reached *** piety under Wu Jian
 16198 | Lair:3   | Reached skill level 11 in Fighting
 16640 | Lair:3   | Reached XP level 13. HP: 71/84 MP: 13/13
 16976 | Lair:3   | Noticed a seven-headed hydra
 16984 | Lair:3   | Killed a seven-headed hydra
 17045 | Lair:3   | Noticed a five-headed hydra
 17050 | Lair:3   | Killed a five-headed hydra
 17300 | Lair:3   | Got the Incunabulum of Warped Poison
 17344 | Lair:3   | Reached skill level 12 in Fighting
 17659 | Lair:3   | Found a staircase to the Swamp.
 18085 | Lair:4   | Reached **** piety under Wu Jian
 18095 | Lair:4   | Found a runed translucent door.
 18108 | Lair:4   | Noticed a six-headed hydra
 18121 | Lair:4   | Killed a six-headed hydra
 18300 | Lair:4   | Reached skill level 13 in Fighting
 19146 | Lair:4   | Identified the +0 scale mail "Ufio" {Str+4 Int+2 Dex+4}
 19334 | Lair:5   | Reached skill level 1 in Evocations
 19511 | Lair:5   | Reached XP level 14. HP: 95/95 MP: 14/14
 19519 | Lair:5   | Found a viscous altar of Jiyva.
 19519 | Lair:5   | Found a staircase to the Slime Pits.
 19579 | Lair:5   | Found a runed translucent door.
 19586 | Lair:5   | Noticed Protee's ghost (journeyman NaIE)
 19808 | Lair:5   | Identified the +10 trident "Ixtos" {distort, Str+3}
 20297 | Lair:6   | Entered Level 6 of the Lair of Beasts
 20535 | Lair:6   | Reached skill level 5 in Evocations
 20539 | Lair:6   | Reached skill level 14 in Fighting
 20953 | Lair:6   | Reached ***** piety under Wu Jian
 22435 | D:12     | Noticed Fannar
 22438 | D:12     | Killed Fannar
 22613 | D:12     | Reached XP level 15. HP: 101/101 MP: 15/15
 22656 | D:12     | Reached skill level 10 in Evocations
 23026 | D:13     | Noticed Rupert
 23030 | D:13     | Killed Rupert
 23031 | D:13     | Reached skill level 15 in Fighting
 23132 | D:13     | Found a frozen archway.
 23142 | IceCv    | Entered an ice cave
 24041 | IceCv    | Noticed a reaper
 24044 | IceCv    | Killed a reaper
 24044 | IceCv    | Reached ****** piety under Wu Jian
 25171 | D:13     | Found a gate to the Vaults.
 26190 | D:14     | Reached skill level 16 in Fighting
 27217 | D:14     | Noticed Roxanne
 27239 | D:14     | Noticed Jorgrun
 27242 | D:14     | Killed Jorgrun
 27243 | D:14     | Reached XP level 16. HP: 110/110 MP: 16/16
 28399 | D:15     | Entered Level 15 of the Dungeon
 28729 | D:15     | Reached skill level 15 in Evocations
 28912 | D:15     | Found a stormy altar of Qazlal.
 29021 | D:15     | Noticed an emperor scorpion
 29025 | D:15     | Killed an emperor scorpion
 29027 | D:15     | Found a staircase to the Depths.
 29030 | D:15     | Reached skill level 17 in Fighting
 29333 | Orc:1    | Entered Level 1 of the Orcish Mines
 29472 | Orc:2    | Entered Level 2 of the Orcish Mines
 29829 | Orc:2    | Noticed Josephine
 29914 | Orc:2    | Killed Josephine
 30141 | Orc:2    | Found Tofuffek's General Store.
 30146 | Orc:2    | Bought a +2 cloak for 264 gold pieces
 30146 | Orc:2    | Bought a scroll of identify for 32 gold pieces
 30146 | Orc:2    | Bought a potion of haste for 160 gold pieces
 30146 | Orc:2    | Bought 2 potions of might for 128 gold pieces
 30197 | Orc:2    | Found a staircase to the Elven Halls.
 30557 | Orc:2    | Reached skill level 18 in Fighting
 31288 | Orc:2    | Found Awneshoh's Book Shoppe.
 31289 | Orc:2    | Found Yghin's General Store.
 31290 | Orc:2    | Found Jixao's Assorted Antiques.
 31290 | Orc:2    | Found Zuruh's Assorted Antiques.
 31293 | Orc:2    | Bought a wand of iceblast (7) for 148 gold pieces
 31293 | Orc:2    | Bought a scroll labelled YFRASKU AREN for 37 gold pieces
 31296 | Orc:2    | Bought 2 potions of curing for 84 gold pieces
 31299 | Orc:2    | Bought a scroll of summoning for 266 gold pieces
 32362 | Lair:2   | Found a hole to the Spider Nest.
 32470 | Swamp:1  | Entered Level 1 of the Swamp
 32470 | Swamp:1  | Noticed Frances
 32475 | Swamp:1  | Killed Frances
 32485 | Swamp:1  | Reached skill level 19 in Fighting
 32506 | Swamp:1  | Noticed a fenstrider witch
 32508 | Swamp:1  | Killed a fenstrider witch
 32509 | Swamp:1  | Reached XP level 17. HP: 122/122 MP: 17/17
 32839 | Swamp:1  | Identified the -1 tower shield of Uwuir {Stlth+}
 32839 | Swamp:1  | Noticed Louise
 32843 | Swamp:1  | Killed Louise
 33353 | Swamp:2  | Reached skill level 20 in Fighting
 33574 | Swamp:2  | Identified the +3 plate armour of Fanaticism {Int+6 Dex+3}
 33574 | Swamp:2  | Noticed a thorn hunter
 33581 | Swamp:2  | Killed a thorn hunter
 34652 | Swamp:3  | Acquired a manual of Armour
 34654 | Swamp:3  | Acquired 437 gold pieces
 34656 | Swamp:3  | Acquired a manual of Fighting
 34669 | Swamp:3  | Noticed a thorn hunter
 34672 | Swamp:3  | Killed a thorn hunter
 34992 | Swamp:4  | Entered Level 4 of the Swamp
 35361 | Swamp:4  | Noticed a thorn hunter
 35391 | Swamp:4  | Reached skill level 21 in Fighting
 35469 | Swamp:4  | Reached XP level 18. HP: 109/132 MP: 18/18
 35932 | Swamp:4  | Got a decaying rune of Zot
 36297 | Spider:1 | Entered Level 1 of the Spider Nest
 36351 | Spider:1 | Reached skill level 22 in Fighting
 37844 | Spider:2 | Reached skill level 23 in Fighting
 38920 | Spider:2 | Reached skill level 24 in Fighting
 40064 | Spider:3 | Reached XP level 19. HP: 142/144 MP: 19/19
 40595 | Spider:4 | Entered Level 4 of the Spider Nest
 41732 | Vaults:1 | Entered Level 1 of the Vaults
 42808 | Vaults:1 | Reached skill level 25 in Fighting
 43151 | Vaults:1 | Reached skill level 1 in Armour
 45589 | Vaults:2 | Reached skill level 1 in Shields
 45693 | Vaults:2 | You fall into a shaft and drop 2 floors!
 45738 | Vaults:4 | Reached skill level 5 in Armour
 45760 | Vaults:4 | Reached XP level 20. HP: 142/153 MP: 20/20
 46348 | Vaults:2 | Reached skill level 5 in Shields
 46909 | Vaults:2 | Found a staircase to the Crypt.
 48251 | Vaults:3 | Identified the +0 glaive "Gokozxid" {freeze, Contam *Noise
                  | rC+++ MP+9}
 48354 | Vaults:3 | Identified the +6 arbalest of the Trees {elec, Fragile rF+
                  | Dex+2}
 49152 | Vaults:3 | Reached XP level 21. HP: 129/159 MP: 17/21
 49630 | Vaults:3 | Reached skill level 10 in Armour
 50609 | Vaults:3 | Reached skill level 10 in Shields
 52243 | Orc:2    | Bought the +0 ring mail of the Pit {rPois rF+ rCorr Str+2}
                  | for 448 gold pieces
 52305 | Orc:2    | Bought a bronze ring mail for 252 gold pieces
 52305 | Orc:2    | Identified the +3 ring mail of the Cricket {rF- rN+ Str+4}
                  | (You bought it in a shop on level 2 of the Orcish Mines)
 52541 | Depths:1 | Entered Level 1 of the Depths
 52541 | Depths:1 | Found a gateway to Hell.
 52743 | Depths:1 | Found Kodghiekh's Jewellery Boutique.
 54434 | Depths:1 | Noticed a caustic shrike
 54443 | Depths:1 | Killed a caustic shrike
 54786 | Depths:1 | Noticed Bai Suzhen
 54789 | Depths:1 | Killed Bai Suzhen
 55175 | Depths:1 | Reached XP level 22. HP: 164/164 MP: 22/22
 55431 | Depths:1 | Noticed a juggernaut
 55443 | Depths:1 | Killed a juggernaut
 55559 | Depths:1 | Identified the +9 spear of Valour {pain, rF+ SInv}
 55584 | Depths:1 | Found a one-way gate to the infinite horrors of the Abyss.
 55958 | Depths:2 | Acquired a manual of Armour
 56032 | Depths:2 | Found a one-way gate leading to the halls of Pandemonium.
 57300 | Depths:2 | Identified the +4 hand axe "Ruilezipp" {vamp, rN+++ rCorr
                  | Str-5 Stlth+}
 57320 | Depths:2 | Found a sacrificial altar of Ru.
 58244 | Depths:2 | Identified the +8 flail "Killer Klown's Bane" {antimagic,
                  | rC++ Will+}
 60006 | Depths:3 | Reached skill level 15 in Armour
 60106 | Depths:3 | Found a transporter.
 60124 | Depths:3 | Noticed a caustic shrike
 60133 | Depths:3 | Noticed a golden dragon
 60134 | Depths:3 | Noticed a golden dragon
 60150 | Depths:3 | Found a transporter.
 61114 | Depths:4 | Entered Level 4 of the Depths
 61336 | Depths:4 | Found a one-way gateway to a ziggurat.
 61967 | Depths:4 | Reached XP level 23. HP: 166/170 MP: 23/23
 63005 | Depths:4 | Found a gate to the Realm of Zot.
 63524 | Depths:4 | Found a hazy altar of Hepliaklqana.
 64804 | Spider:4 | Reached skill level 15 in Shields
 64840 | Spider:4 | Noticed Arachne
 64857 | Spider:4 | Killed Arachne
 64909 | Spider:4 | Got a gossamer rune of Zot
 65882 | Vaults:5 | Entered Level 5 of the Vaults
 66378 | Vaults:5 | HP: 6/170 [vault warden/+0 great sword (7)]
 66380 | Vaults:5 | Mangled by a war gargoyle

Illustrated notes

Levels and vault maps discovered:
D:1:      mainiacjoe_arrival_reflecting_pool, layout_basic,
          minmay_misc_feat_alley
D:2:      layout_basic, hangedman_decor_growths, uniq_terence
D:3:      layout_basic, kennysheep_generic_room_4
D:4:      layout_rooms, minivault_19, uniq_eustachio, uniq_menkaure,
          uniq_blork_the_orc
D:5:      nicolae_BIG_FREAKIN_CUBE, layout_layer_cave,
          minmay_temple_entry_nine_rooms, st_stairs_8
D:6:      layout_rooms
D:7:      layout_loops_ring, led_xom_imps, minitemple, fiery_altar_vehumet,
          uniq_crazy_yiuf_cottage
D:8:      layout_rooms, nicolae_dithmenos_shadow_blocks, hex_medium
D:9:      layout_cave_pods, erik_orc_4, minmay_stone_trees_medium
D:10:     layout_irregular_city, kiku_gazebo_pond_becter,
          makhleb_altar_promises_db, dpeg_lair_monsters, uniq_joseph,
          uniq_nergalle, uniq_psyche
D:11:     layout_small_grid
D:12:     layout_cave_pools, kennysheep_decorative_pillar, uniq_fannar
D:13:     layout_rooms, lightli_vaults_fourway_checkpoint, portal_ice_cave_rime,
          argonaut_gorgonesque, uniq_rupert
D:14:     minmay_ice_pillars, layout_stronghold, grunt_decor_junction,
          uniq_jorgrun, uniq_roxanne
D:15:     hangedman_depths_entry_try_elsewhere_first, layout_cave_pools,
          minmay_misc_feat_rows, serial_bayou, serial_bayou_pond_a,
          serial_bayou_pond_e, serial_bayou_pond_c, serial_bayou_lake_a,
          nicolae_qazlal_general_emergency
Temple:   pdpol_scorched_temple
Lair:1:   layout_cave_shapes, grunt_megastairs_2, serial_bayou_shore_b
Lair:2:   layout_regular_city, hellmonk_spider_entry_not_the_bees, serial_bayou,
          serial_bayou_pond_d, serial_bayou_shore_a, serial_bayou_pond_c,
          serial_bayou_crossing
Lair:3:   layout_regular_city, palyth_hydra_swamp_entry, lemuel_fruit_fields
Lair:4:   dreamdust_isle_of_ice, layout_hall_layers,
          ebering_ghost_reflecting_pool
Lair:5:   layout_cave_pods, slime_altar_1, ebering_ghost_funeral_grove,
          cheibrodos_lair_caveside_slide, minmay_lair_oklob_bushes, st_stairs_12
Lair:6:   minmay_lair_end_enchanted_forest, layout_regular_city,
          grunt_forest_stairs_basic
Swamp:1:  layout_basic_swamp, evilmike_swamp_ruin_house_6, uniq_frances,
          uniq_louise
Swamp:2:  layout_basic_swamp, evilmike_swamp_ruin_wall, swamp_pool4
Swamp:3:  layout_basic_swamp, evilmike_swamp_ruin_rubble_2, swamp_pool1,
          infiniplex_staircase_pool_2
Swamp:4:  swamp, layout_basic_swamp
Spider:1: layout_spider_delve, drop_trap
Spider:2: layout_spider_delve
Spider:3: layout_spider_delve
Spider:4: johnstein_spider_rune_arachne_lair, spiders_nest_the_unseen
Orc:1:    layout_diamond_mine, uniq_maurice
Orc:2:    st_orc_pillars, layout_diamond_mine, serial_shops,
          nicolae_shop_hallway_plus, uniq_josephine
Vaults:1: hangedman_vaults_trim, grunt_vaults_hallway_long,
          hangedman_vaults_maws, v_misc_27, nicolae_vaults_network_barrier,
          vaults_dpeg_diagonal, vaults_room_hallway, hangedman_vaults_trim,
          nicolae_vaults_little_squares_6, layout_vaults_quadrants
Vaults:2: mu_enter_wizlab_5, vaults_dpeg_doors, minmay_crypt_entry_vampire_xt,
          vaults_room_corners, v_misc_14, serial_ice_m,
          vaults_room_hangedman_quadrants, nicolae_vaults_network_square,
          v_misc_11, vaults_room_ringed_pool, v_misc_5, hangedman_vaults_pinch,
          ontoclasm_vaults_fault, vaults_room_fancy_cross, layout_vaults_maze
Vaults:3: serial_ice_h, vaults_standard_mumra_x, nicolae_vaults_border_crossing,
          ontoclasm_vaults_ring_square, ontoclasm_vaults_tryst,
          nicolae_vaults_yaktaur_gun_rack, v_misc_1, v_rooms_5,
          vaults_dpeg_spiral, layout_vaults_omnibox
Vaults:4: v_misc_9, v_misc_30, hangedman_vaults_stream, v_misc_9,
          ontoclasm_vaults_ligature, vaults_room_grunt_arrival_ludios,
          hangedman_vaults_capsules, layout_vaults_ring
Vaults:5
Depths:1: layout_basic, hell_entry, abyss_entry, minmay_misc_feat_room,
          serial_shops, shop, chequers_serial_rivers_marsh, minmay_multi_spiral,
          uniq_bai_suzhen
Depths:2: minmay_the_grid_four_pointed_star_mashed
          [minmay_the_grid_triangle_9x9_flanged_cone,
          minmay_the_grid_triangle_9x9_skeleton,
          minmay_the_grid_triangle_9x9_descending_squares,
          minmay_the_grid_triangle_9x9_empty,
          minmay_the_grid_prize_shrinking_boxes], layout_cave_shapes,
          lightli_too_deep, abyss_entry, rand_demon_pan_entry_7,
          nicolae_ru_path_of_blood, serial_glass, glass_columns_a,
          glass_columns_a, feat_on_display, feat_on_display,
          minmay_strange_pillars, infiniplex_staircase_zigzag_1
Depths:3: minmay_glassy_protrusions, layout_cave_pools,
          gammafunk_ghost_berserking_beasts, rand_demon_pan_entry_8, hell_entry,
          abyss_entry, columned_hall_lemuel, serial_bayou_pond_d,
          infiniplex_staircase_pillars_1
Depths:4: evilmike_zot_entry_basic, layout_gridlike, enter_ziggurat_c,
          minmay_misc_feat_chi, hellmouth_1, nzn_hepliaklqana_mist_gate

Skill      XL: |  1  2  3  4  5  6  7  8  9 10 11 12 13 14 15 16 17 18 19 20 21 22 23 |
---------------+----------------------------------------------------------------------+-----
Short Blades   | 3 4 5 6 8 |  8.0
Stealth        | 6 7 8 9 11 13 15 16 19 20 21 | 21.5
Dodging        | 6 10 13 15 17 19 20 | 20.0
Fighting       | 4 6 9 11 13 14 16 19 21 24 25 | 25.4
Evocations     | 3 9 14 15 16 | 16.5
Armour         | 5 9 11 15 | 15.0
Shields        | 3 8 12 13 15 | 15.0
Throwing       | |  2.1

Action                   |  1- 3 |  4- 6 |  7- 9 | 10-12 | 13-15 | 16-18 | 19-21 | 22-24 || total
-------------------------+-------+-------+-------+-------+-------+-------+-------+-------++-------
Melee: Dagger            |    97 |   101 |    99 |       |       |       |       |       ||   297
       Punch             |       |       |     5 |    12 |    25 |    35 |    28 |       ||   105
       Quick blade       |       |       |    97 |   858 |  1271 |  2010 |  2562 |  2300 ||  9098
Throw: Dart              |       |     9 |     6 |    17 |       |     2 |       |     5 ||    39
Invok: Lunge             |       |       |       |    59 |    83 |   136 |   107 |    75 ||   460
       Whirlwind         |       |       |       |    48 |    86 |   290 |   290 |   269 ||   983
       Serpent's Lash    |       |       |       |       |       |     3 |     6 |     6 ||    15
       Heavenly Storm    |       |       |       |       |       |     1 |       |     2 ||     3
Evoke: Wand              |       |       |       |     7 |     1 |     6 |     1 |       ||    15
       Condenser vane    |       |       |       |       |       |     1 |     2 |       ||     3
       Phantom mirror    |       |       |       |       |       |     1 |       |       ||     1
  Use: Potion            |       |       |     1 |       |       |     1 |     4 |    17 ||    23
       Scroll            |       |       |     9 |    12 |     6 |    10 |     5 |    11 ||    53
 Stab: Sleeping          |    20 |    17 |    23 |    56 |    91 |   133 |   115 |    27 ||   482
       Distracted        |       |     1 |       |     8 |    15 |    20 |     6 |    13 ||    63
       Paralysed         |       |       |       |       |     1 |       |       |       ||     1
Armor: Robe              |    20 |    33 |    16 |    30 |    88 |   131 |   125 |       ||   443
       Steam dragon scal |       |       |       |    17 |       |       |       |       ||    17
       Ring mail         |       |       |       |       |       |       |    37 |   169 ||   206
Dodge: Dodged            |    45 |    81 |    68 |   346 |   544 |   914 |  1012 |   826 ||  3836
Block: Buckler           |       |       |       |       |       |       |   252 |   429 ||   681

Table legend: (Time is in decaauts)
 A = Elapsed time spent in this place.
 B = Non-inter-level travel time spent in this place.
 C = Inter-level travel time spent in this place.
 D = Time resting spent in this place.
 E = Time spent auto-exploring this place.
 F = Levels seen in this place.
 G = Mean time per level.
                   A        B        C        D        E       F      G
               +--------+--------+--------+--------+--------+-----+--------+
         Total |  62825 |  57557 |   5268 |  15630 |  30618 |  42 | 1495.8 |
       Dungeon |  19721 |  18184 |   1537 |   3849 |  10834 |  15 | 1314.7 |
        Temple |     72 |     64 |      8 |      0 |     54 |   1 |   72.0 |
          Lair |   9671 |   8541 |   1130 |   1327 |   5640 |   6 | 1611.8 |
         Swamp |   3641 |   3422 |    219 |   1059 |   1689 |   4 |  910.2 |
   Spider Nest |   6180 |   5556 |    624 |   1818 |   2799 |   4 | 1545.0 |
  Orcish Mines |   2241 |   1891 |    350 |    397 |    846 |   2 | 1120.5 |
        Vaults |   9347 |   8688 |    659 |   2656 |   4281 |   5 | 1869.4 |
        Depths |  10827 |  10088 |    739 |   3825 |   4362 |   4 | 2706.8 |
      Ice Cave |   1121 |   1121 |      0 |    698 |    112 |   1 | 1121.0 |
               +--------+--------+--------+--------+--------+-----+--------+

Top non-repeatable levels by time:
Depths:1: 3624 daAuts
Vaults:1: 3051 daAuts
Depths:2: 2814 daAuts
Depths:4: 2786 daAuts
Vaults:3: 2667 daAuts
    D:14: 2481 daAuts
Spider:2: 2178 daAuts
  Lair:2: 2092 daAuts
Vaults:2: 1958 daAuts
   Orc:2: 1927 daAuts
  Lair:3: 1848 daAuts
     D:3: 1761 daAuts
  Lair:5: 1729 daAuts
Spider:4: 1687 daAuts
    D:10: 1669 daAuts
